Map: King Sejong Station LE

Players

Fropez

  • Race: Protoss Protoss
  • League: Gold
  • Spawn Location: 11:00

JCSpark - Winner!

  • Race: Protoss Protoss
  • League: Gold
  • Spawn Location: 5:00

VOD

Have the link to the VOD?

Description

Time

  • Played on: Oct. 22, 2016, 9:44 p.m.
  • Length: 2:07
Show
View Real Time Build Order
Export as new Build Order

Fropez Protoss 

Build Orders:  

Get SALT Encoding   

  12  0:01  Probe (Chrono Boost)  
  13  0:14  Pylon  
  13  0:17  Probe (Chrono Boost)  
  14  0:36  Gateway  
  14  0:38  Assimilator  
  14  0:40  Probe (Chrono Boost)  
  15  0:51  Probe (Chrono Boost)  
  16  1:01  Probe (Chrono Boost)  
  17  1:13  Gateway  
  17  1:15  Probe (Chrono Boost)  
  18  1:23  Cybernetics Core  
  18  1:27  Probe (Chrono Boost)  
Show
View Real Time Build Order
Export as new Build Order

JCSpark Protoss - Winner!

Build Orders: Cannon Rush 

Get SALT Encoding   

  12  0:01  Probe (Chrono Boost)  
  13  0:12  Probe (Chrono Boost)  
  14  0:17  Pylon  
  14  0:22  Probe (Chrono Boost)  
  16  0:35  Probe (Chrono Boost)  
  16  0:38  Forge  
  16  0:46  Probe (Chrono Boost)  
  17  1:01  Pylon  
  17  1:30  Photon Cannon  
  17  1:32  Gateway  
  17  1:36  Photon Cannon  
  17  1:46  Pylon  
  17  1:50  Photon Cannon  
  17  2:00  Photon Cannon  
  17  2:05  Photon Cannon  
  17  2:07  Gateway  
Tags
 
Add a new tag
Caveats
  • Supply blocks, unpowered buildings, or Contaminate may cause inaccurate times.
  • Supply counts are checked every 10 seconds.